 Dungeon Crawl Stone Soup version 0.31.0-32-g396128a36d (webtiles) character file.

Game seed: 1905800896092319917

1540 CorpseCollector the Changeling (level 8, -20/58 HPs)
             Began as an Octopode Shapeshifter on Mar 31, 2024.
             Was an Initiate of Gozag.
             Demolished by an ogre
             ... wielding a +0 giant club
              (30 damage)
             ... on level 5 of the Dungeon.
             The game lasted 00:10:28 (5388 turns).

CorpseCollector the Changeling (OpSh)               Turns: 5388, Time: 00:10:29

Health: -20/58     AC:  2    Str: 13    XL:     8   Next: 86%
Magic:  8/8        EV: 17    Int: 15    God:    Gozag
Gold:   252        SH:  0    Dex: 11    Spells: 7/7 levels left

rFire   . .          .
                       - Unarmed
rCold   . . .        (shield currently unavailable)
rNeg    . . .        q - +1 hat
rPois   .            (no amulet)
rElec   .            (no ring)
rCorr   .            (no ring)
SInv    .            (no ring)
Will    .....        (no ring)
Stlth   +            (no ring)
HPRegen 0.29/turn    (no ring)
MPRegen 0.11/turn    (no ring)
                     (no ring)

%: no passive effects
@: mighty, lethally poisoned (-20 -> -23), flux-form, glowing
A: glow, contaminating, almost no armour, amphibious, 8 rings, camouflage 1,
gelatinous body 1, (nimble swimmer 1), tentacles
a: Begin Untransformation, Renounce Religion, Potion Petition, Call Merchant,
Bribe Branch


You were on level 5 of the Dungeon.
You worshipped Gozag.
Gozag was aware of your devotion.
You were something dangerously unstable.
You visited 2 branches of the dungeon, and saw 7 of its levels.
You also visited: Sewer.

You collected 323 gold pieces.
You paid 71 gold pieces to Gozag.


Innate Abilities, Weirdness & Mutations

You are something dangerously unstable.
You glow with magical radiation, making you easy to see and hit.
Foes you strike become dangerously contaminated with magical radiation.
You are incapable of wielding weapons or throwing items.
You cannot wear most types of armour.
You are amphibious.
You can wear up to eight rings at the same time.
Your skin changes colour to match your surroundings (Stealth+).
Your rubbery body absorbs attacks. (AC +1, EV +1)
((You are camouflaged when in or above water. (Stealth+)))
You have tentacles for arms and can constrict up to eight enemies at once.


   Skills:
 + Level 6.6 Fighting
 - Level 2.0 Dodging
 + Level 5.8 Unarmed Combat
 - Level 7.0 Shapeshifting


You had 7 spell levels left.
You didn't know any spells.
Your spell library contained the following spells:

 Spells                   Type           Power      Damage    Failure   Level
 Slow                     Hex            0%         N/A       26%         1
 Confusing Touch          Hex            0%         N/A       63%         3
 Sigil of Binding         Hex            0%         N/A       63%         3
 Vampiric Draining        Necr           0%         2d6       63%         3
 Summon Forest            Summ/Tloc      0%         N/A       100%        5
 Eringya's Noxious Bog    Alch           0%         4d6       100%        6
 Summon Hydra             Summ           0%         N/A       100%        7

Inventory:

Hand Weapons
 f - a +1 spear of venom
Missiles
 i - 2 darts of dispersal {=f}
Armour
 q - a +1 hat (worn)
Jewellery
 C - a ring of ice
 F - a ring of fire
Talismans
 b - a beast talisman
 c - a flux talisman (active)
 j - a granite talisman
 l - a serpent talisman
Wands
 t - a wand of polymorph (5)
 u - a wand of flame (23)
Scrolls
 d - 7 scrolls of identify {unknown}
 g - 3 scrolls of teleportation {unknown}
 k - a scroll of immolation {unknown}
 p - a scroll of blinking {unknown}
 r - a scroll of fog {unknown}
 s - 3 scrolls of poison {unknown}
 v - a scroll of revelation {unknown}
 w - a scroll of fear {unknown}
Potions
 a - 2 potions of lignification
 e - a potion of curing {@q1}
 h - a potion of experience {unknown}
 m - 2 potions of might
 n - a potion of brilliance {unknown}
 o - 2 potions of magic {unknown}

Dungeon Overview and Level Annotations

Branches:
Dungeon (6/15)             Temple (1/1) D:4           Sewer (visited)

Altars:
Cheibriados
Dithmenos
Elyvilon
Fedhas
Gozag
Hepliaklqana
Kikubaaqudgha
Makhleb
Nemelex Xobeh
Okawaru
Qazlal
Sif Muna
Uskayaw
Vehumet
Wu Jian
The Shining One

Annotations:
D:4 exclusions: phantom and 1 more exclusion
D:5 exclusion: door

▒▒▒▒.▒▒▒▒.......#.......#
▒▒.....▒▒.......#$$.....#
▒.......▒.......#.......#
▒.......▒.)######.......#
....⚑...................#
▒.......▒......o.########
▒.......▒........#
▒▒.).).▒▒.......O#
▒▒▒▒)▒▒▒▒.......p#
.................########
.....#...'......>.......#
.....#...#..............#
.....#...#..............#
.....'...#..............#
.....###'#..............#
.................########
.................#


You could see an ogre (contam) and an orc (contam).


Message History

You are more poisoned.
You tentacle-slap the orc.
The orc begins to glow.
The orc is almost dead.
You feel less confused.
* * * LOW HITPOINT WARNING * * *
You feel very sick. The orc hits you with a +0 falchion.
* * * LOW HITPOINT WARNING * * *
* * * LOW HITPOINT WARNING * * *
You feel very sick.
You hear some strange, mumbled words.
A puff of flame appears from out of thin air!
The puff of flame misses you. The orc attacks as it pursues you!
The orc hits you with a +0 falchion.
* * * LOW HITPOINT WARNING * * *
It was a potion of might.
You feel very mighty all of a sudden.
* * * LOW HITPOINT WARNING * * *
You feel sick.
Unknown command.
It was a potion of curing.
You feel better. Something hits you.
* * * LOW HITPOINT WARNING * * *
You are poisoned.
You feel sick.
You feel sick. The ogre attacks as it pursues you!
The ogre hits you with a +0 giant club!!
Ouch! That really hurt!
You die...
Your body crumbles into a pile of gold.

Skill      XL: |  1  2  3  4  5  6  7  8 |
---------------+-------------------------+-----
Fighting       | 2 3 4 5 6 |  6.6
Shapeshifting  | 4 5 6 7 |  7.0
Unarmed Combat | 5 |  5.8
Dodging        | |  2.0

Action                     |  1- 3 |  4- 6 |  7- 9 || total
---------------------------+-------+-------+-------++-------
  Melee: Unarmed           |     8 |       |   164 ||   172
         Spear             |    53 |   149 |     5 ||   207
         Constrict         |     8 |    35 |    27 ||    70
         Tentacles         |     6 |    22 |    45 ||    73
         Punch             |     1 |     2 |     3 ||     6
    Use: Potion            |       |       |     3 ||     3
   Stab: Sleeping          |     8 |    17 |       ||    25
         Distracted        |       |     2 |       ||     2
 Armour: Skin              |    13 |    37 |   107 ||   157
  Dodge: Dodged            |    15 |    55 |   100 ||   170
   Form: Flux              |       |       |     1 ||     1

Levels and vault maps discovered:
D:1:      spicycebolla_arrival_risky_transporter, layout_loops_cross
D:2:      layout_loops_ring, ebering_ecumenical_altar_webs
D:3:      layout_loops_ring, mainiacjoe_sewer_entry_somewhere_in_here_2,
          nicolae_concentric_dashed_squares_wild, minmay_surrounded
D:4:      layout_basic, vehumet_altar_wand_db, temple_green, serial_undead,
          serial_undead_f, serial_undead_d, serial_undead_f, serial_undead_b,
          serial_undead_a
D:5:      layout_gridville, old_standard_altar, lemuel_coloured_pillars_altar
D:6:      layout_basic, lemuel_zombie_altar_yredelemnul, lightli_temple_of_fire
Temple:   nicolae_temple_ecumenical_triangle

Notes
Turn   | Place    | Note
-------+----------+-------------------------------------------
     0 | D:1      | CorpseCollector the Octopode Shapeshifter began the quest
                  | for the Orb.
     0 | D:1      | Reached XP level 1. HP: 13/13 MP: 1/1
   106 | D:1      | Reached skill level 2 in Fighting
   106 | D:1      | Reached XP level 2. HP: 19/19 MP: 2/2
   724 | D:2      | Reached skill level 3 in Fighting
   724 | D:2      | Reached XP level 3. HP: 18/26 MP: 3/3
   839 | D:2      | Found a faded altar of an unknown god.
  1345 | D:3      | Reached XP level 4. HP: 31/31 MP: 4/4
  1671 | D:3      | Reached skill level 4 in Shapeshifting
  1678 | D:3      | Found a glowing drain.
  1683 | Sewer    | Entered a sewer
  1786 | Sewer    | Reached XP level 5. HP: 36/36 MP: 5/5
  1927 | Sewer    | Reached skill level 5 in Shapeshifting
  1927 | Sewer    | Reached XP level 6. HP: 17/43 MP: 6/6
  2450 | D:4      | Reached skill level 4 in Fighting
  2801 | D:5      | Entered Level 5 of the Dungeon
  3255 | D:5      | Reached skill level 6 in Shapeshifting
  3258 | D:5      | Reached XP level 7. HP: 24/48 MP: 7/7
  3388 | D:5      | Found a hide-covered altar of Uskayaw.
  3423 | D:5      | Reached skill level 5 in Fighting
  3786 | D:4      | Reached skill level 7 in Shapeshifting
  3889 | D:4      | Reached XP level 8. HP: 47/55 MP: 8/8
  4056 | D:4      | Found a staircase to the Ecumenical Temple.
  4072 | Temple   | Entered the Ecumenical Temple
  4079 | D:4      | Found a radiant altar of Vehumet.
  4371 | D:5      | Reached skill level 4 in Unarmed Combat
  4761 | D:5      | Reached skill level 6 in Fighting
  4915 | D:5      | Reached skill level 5 in Unarmed Combat
  4998 | D:5      | Found an opulent altar of Gozag.
  5043 | D:5      | Became a worshipper of Gozag Ym Sagoz the Greedy
  5382 | D:5      | HP: 4/58 [orc/+0 falchion (3)]
  5388 | D:5      | Demolished by an ogre

Vanquished Creatures
  A steam dragon (D:6)
  A water moccasin (D:5)
  An ice beast (D:5)
  An orc warrior (D:5)
  3 phantoms (D:4)
  A bullfrog (Sewer)
  A scorpion (D:6)
  A bullfrog zombie (D:4)
  A bombardier beetle (D:5)
  3 hounds
  2 orc priests (D:5)
  A jelly (D:6)
  5 iguanas
  3 orc wizards (D:5)
  5 hound zombies (D:4)
  3 gnolls (D:5)
  A howler monkey skeleton (D:4)
  8 adders
  2 adder zombies (D:4)
  2 adder skeletons (D:4)
  7 dart slugs
  4 ribbon worms
  11 orcs
  14 ball pythons
  14 endoplasms
  13 giant cockroaches
  5 goblins
  6 hobgoblins
  5 quokkas
  3 bats
  17 frilled lizards
  11 kobolds
  6 rats
162 creatures vanquished.

Table legend: (Time is in decaauts)
 A = Elapsed time spent in this place.
 B = Non-inter-level travel time spent in this place.
 C = Inter-level travel time spent in this place.
 D = Time resting spent in this place.
 E = Time spent auto-exploring this place.
 F = Levels seen in this place.
 G = Mean time per level.
                   A        B        C        D        E       F      G
               +--------+--------+--------+--------+--------+-----+--------+
         Total |   5394 |   5159 |    235 |   1122 |   2968 |   8 |  674.2 |
       Dungeon |   5021 |   4788 |    233 |   1030 |   2863 |   6 |  836.8 |
        Temple |      3 |      1 |      2 |      0 |      0 |   1 |    3.0 |
         Sewer |    369 |    369 |      0 |     92 |    105 |   1 |  369.0 |
               +--------+--------+--------+--------+--------+-----+--------+

Top non-repeatable levels by time:
     D:5: 1368 daAuts
     D:4: 1358 daAuts
     D:3: 765 daAuts
     D:1: 667 daAuts
     D:2: 657 daAuts
   Sewer: 369 daAuts
     D:6: 204 daAuts
  Temple: 3 daAuts

Table legend:
 A = Non-vault XP
 B = Vault XP
 C = Vault XP percentage of total XP
 D = Non-vault monster count
 E = Vault monster count
 F = Vault count percentage of total count
                 A         B        C        D         E       F
            +---------+---------+-------+---------+---------+-------
      Total |    1485 |     716 |  32.5 |      91 |      71 |  43.8
            +---------+---------+-------+---------+---------+-------
        D:1 |      26 |       0 |   0.0 |      16 |       0 |   0.0
        D:2 |      50 |       0 |   0.0 |      16 |       0 |   0.0
        D:3 |      42 |      13 |  23.6 |      11 |       8 |  42.1
        D:4 |     245 |     505 |  67.3 |      21 |      15 |  41.7
        D:5 |     839 |       0 |   0.0 |      23 |       0 |   0.0
        D:6 |     283 |       0 |   0.0 |       4 |       0 |   0.0
      Sewer |       0 |     198 | 100.0 |       0 |      48 | 100.0
            +---------+---------+-------+---------+---------+-------
